 Dungeon Crawl Stone Soup version 0.24-a0-36-gf1fd2d0 (webtiles) character file.

Game seed: 17296597903935834410

3777 CurrentUnit the Digger (level 9, -4/77 HPs)
             Began as a Pale Draconian Earth Elementalist on Feb 2, 2019.
             Was a Believer of Vehumet.
             Killed from afar by Violenta's ghost (8 damage)
             ... with a magic dart
             ... on level 8 of the Dungeon.
             The game lasted 00:26:06 (9847 turns).

CurrentUnit the Digger (DrEE)                       Turns: 9847, Time: 00:26:06

Health: -4/77      AC: 10    Str: 12    XL:     9   Next: 95%
Magic:  3/18       EV: 13    Int: 22    God:    Vehumet [**....]
Gold:   362        SH: 14    Dex: 16    Spells: 16/20 levels left

rFire    . . .     SeeInvis .   a - +4 spear
rCold    . . .     Gourm    .   y - +0 shield
rNeg     . . .     Faith    .   (armour unavailable)
rPois    .         Spirit   .   (helmet restricted)
rElec    .         Reflect  +   f - +2 cloak
rCorr    .         Harm     .   (no gloves)
MR       .....                  (no boots)
Stlth    ++........             k - +6 amulet of reflection
HPRegen  0.22/turn              d - +5 ring of intelligence
MPRegen  0.16/turn              w - +4 ring of dexterity

@: no status effects
A: breathe steam, unfitting armour, cold-blooded, AC +7
a: Breathe Steam, Renounce Religion


You were on level 8 of the Dungeon.
You worshipped Vehumet.
Vehumet was pleased with you.
You were not hungry.

You visited 1 branch of the dungeon, and saw 8 of its levels.
You also visited: Sewer.

You collected 362 gold pieces.

Inventory:

Hand Weapons
 a - a +4 spear (weapon)
Missiles
 g - 11 tomahawks
 l - 4 throwing nets
 p - 120 stones (quivered)
Armour
 f - a +2 cloak (worn)
 y - a +0 shield (worn)
Jewellery
 d - a +5 ring of intelligence (left hand)
 k - a +6 amulet of reflection (around neck)
 w - a +4 ring of dexterity (right hand)
Wands
 i - a wand of flame (14)
 j - a wand of disintegration (15)
 t - a wand of random effects (16)
Scrolls
 h - 4 scrolls of remove curse
 m - 2 scrolls of fear
 n - 2 scrolls of fog
 q - 4 scrolls of teleportation
 x - a scroll of amnesia
Potions
 e - 3 potions of curing
 r - 5 potions of brilliance
 s - a potion of cancellation
Comestibles
 c - 27 rations


   Skills:
 + Level 6.3 Fighting
 + Level 5.7 Dodging
 - Level 1.7 Stealth
 + Level 2.4 Shields
 * Level 6.3 Spellcasting
 + Level 4.8 Conjurations
   Level 1.0 Transmutations
 + Level 7.6 Earth Magic
 - Level 3.0 Evocations


You had 16 spell levels left.
You knew the following spells:

 Your Spells              Type           Power        Failure   Level  Hunger
a - Magic Dart            Conj           ####         6%          1    None
b - Stone Arrow           Conj/Erth      ####..       11%         3    #......

Your spell library contained the following spells:

 Spells                   Type           Power        Failure   Level  Hunger
 Searing Ray              Conj           ####..       10%         2    None
 Sandblast                Erth           #####.       1%          1    None
 Passwall                 Tmut/Erth      ####....     12%         2    None
 Beastly Appendage        Tmut           ##....       28%         1    None
 Sticks to Snakes         Tmut           ##......     41%         2    None
 Lee's Rapid Deconstruct  Erth           #####.....   47%         5    #####..
 Petrify                  Tmut/Erth      ####....     58%         4    ###....
 Spider Form              Tmut/Pois      #.........   71%         3    #......
 Ice Form                 Ice/Tmut       #.......     98%         4    ###....
 Blade Hands              Tmut           ##........   100%        5    #####..


Dungeon Overview and Level Annotations

Branches:
Dungeon (8/15)             Temple (0/1) D:5
   Lair: D:8-11

Altars:
Cheibriados
Dithmenos
Fedhas
Hepliaklqana
Nemelex Xobeh
Okawaru
Ru
Vehumet

Shops:
D:5 !   D:6 (   D:7 [

Annotations:
D:8 GroovyGamera's ghost, novice GrFi; Para's ghost, novice MiBe; Violenta's ghost, novice DrCj


Innate Abilities, Weirdness & Mutations

You can breathe blasts of scalding, opaque steam.
Your pale cyan-grey scales are hard. (AC +7)
You cannot fit into any form of body armour.
You are cold-blooded and may be slowed by cold attacks.


Message History

Violenta's ghost gestures at you while chanting.
The magic dart hits you!
* * * LOW HITPOINT WARNING * * *
You closely miss Violenta's ghost.
Violenta's ghost is almost destroyed.
You have got your breath back.
Violenta's ghost casts a spell at you.
The magic dart hits you but does no damage.
Violenta's ghost points at you and mumbles some strange words.
The magic dart hits you!
* * * LOW HITPOINT WARNING * * *
Your magical contamination has completely faded away.
GroovyGamera's ghost whispers, "There is no future for you."
Energy condenses in front of Violenta's ghost, but quickly dissipates.
Violenta's ghost gestures at you while chanting.
The magic dart hits you.
* * * LOW HITPOINT WARNING * * *
Violenta's ghost points at you and mumbles some strange words.
The magic dart hits you!
You die...

###'''### #.#....
#.......# #.#....
###..#### #.#....
#W## #.#.... #W#
#.#...# #W#
#.#...# #.#
#.#...# #.#
#.#...#
#@##########.#...#
#.........##.#....
#.#######.##.#...#
#.# #.##.#...# #.#
#..#.#...# #.#
#..#.#..#< #.#
#....#..## #.#
#..###....
##########.# #..#
#.###


You could see GroovyGamera's ghost, Para's ghost and Violenta's ghost.

Vanquished Creatures
  The ghost of bonscott the Conjurer, a novice OpCj of Dithmenos (D:8)
  A hippogriff (D:8)
  A hungry ghost (D:7)
  Edmund (D:4)
  Purgy (Sewer)
  2 black bears (D:7)
  2 ice beasts
  2 orc warriors
  A phantom (D:6)
  2 centaurs
  4 ogres
  3 bullfrogs
  3 scorpions
  A howler monkey (D:4)
  3 hounds
  A quasit (D:6)
  A bullfrog zombie (D:7)
  4 jellies
  6 orc priests
  Terence (D:3)
  Jessica (D:3)
  2 iguanas
  Ijyb (D:4)
  5 orc wizards
  Natasha (thrice) (D:3)
  5 worker ants
  A hound skeleton (D:4)
  8 gnolls
  12 adders
  2 shadow imps
  An adder zombie (D:6)
  An adder skeleton (D:8)
  4 worms
  4 dart slugs
  2 leopard geckos
  26 orcs
  6 bats
  6 giant cockroaches
  9 goblins
  6 hobgoblins
  5 jackals (D:5)
  6 kobolds
  2 quokkas
  3 ball pythons
  9 frilled lizards
  A quokka skeleton (D:4)
  A quokka zombie (D:5)
  4 rats
177 creatures vanquished.

Vanquished Creatures (others)
  2 withered plants (D:8)
2 creatures vanquished.

Grand Total: 179 creatures vanquished

Notes
Turn   | Place    | Note
-------+----------+-------------------------------------------
     0 | D:1      | CurrentUnit the Draconian Earth Elementalist began the
                  | quest for the Orb.
     0 | D:1      | Reached XP level 1. HP: 14/14 MP: 3/3
   167 | D:1      | Reached XP level 2. HP: 15/22 MP: 0/5
  1035 | D:1      | Reached skill level 1 in Fighting
  1122 | D:1      | Reached XP level 3. HP: 27/28 MP: 0/6
  1569 | D:2      | Reached XP level 4. HP: 35/35 MP: 4/7
  2268 | D:3      | Reached skill level 4 in Earth Magic
  2318 | D:3      | Noticed Terence
  2338 | D:3      | Killed Terence
  2480 | D:3      | Reached XP level 5. HP: 37/41 MP: 2/9
  2596 | D:3      | Noticed Jessica
  2606 | D:3      | Killed Jessica
  2762 | D:3      | Found a snail-covered altar of Cheibriados.
  2763 | D:3      | Noticed Natasha
  2772 | D:3      | Killed Natasha
  2821 | D:3      | Found a blossoming altar of Fedhas.
  2821 | D:3      | Found a hazy altar of Hepliaklqana.
  2822 | D:3      | Found a sacrificial altar of Ru.
  2823 | D:3      | Found a radiant altar of Vehumet.
  2833 | D:3      | Became a worshipper of Vehumet
  2938 | D:3      | Noticed Natasha
  2948 | D:3      | Killed Natasha
  3162 | D:3      | Reached XP level 6. HP: 34/50 MP: 0/10
  3480 | D:3      | Noticed Natasha
  3486 | D:3      | Killed Natasha
  3486 | D:3      | Reached skill level 5 in Earth Magic
  3616 | D:4      | Learned a level 3 spell: Stone Arrow
  3622 | D:4      | Found a sparkling altar of Nemelex Xobeh.
  3776 | D:4      | Noticed Ijyb
  3802 | D:4      | Killed Ijyb
  3903 | D:4      | Found a glowing drain.
  3945 | Sewer    | Entered a sewer
  4031 | Sewer    | Noticed Purgy
  4041 | Sewer    | Killed Purgy
  4041 | Sewer    | Your scales start taking on a pale cyan-grey colour.
  4041 | Sewer    | Reached XP level 7. HP: 44/57 MP: 0/12
  4093 | Sewer    | Reached * piety under Vehumet
  4093 | Sewer    | Offered knowledge of Magic Dart by Vehumet.
  4573 | D:4      | Reached skill level 1 in Conjurations
  4763 | D:4      | Noticed Edmund
  4799 | D:4      | Killed Edmund
  4799 | D:4      | Reached skill level 1 in Evocations
  4975 | D:5      | Entered Level 5 of the Dungeon
  5312 | D:5      | Reached skill level 6 in Earth Magic
  5319 | D:5      | Reached XP level 8. HP: 57/66 MP: 6/14
  5386 | D:5      | Found an iron altar of Okawaru.
  5763 | D:5      | You fall through a shaft for 2 floors!
  5907 | D:5      | Found a staircase to the Ecumenical Temple.
  5996 | D:5      | Found Elekhiti's Distillery.
  6475 | D:6      | Found Gatosech's Antique Weapon Shoppe.
  6493 | D:6      | Learned a level 1 spell: Magic Dart
  6533 | D:6      | Offered knowledge of Flame Tongue by Vehumet.
  6558 | D:6      | Reached ** piety under Vehumet
  6590 | D:6      | Found a shadowy altar of Dithmenos.
  7101 | D:6      | Reached skill level 5 in Fighting
  7677 | D:7      | Found Dozathryi's Armour Shop.
  7705 | D:7      | Reached XP level 9. HP: 73/74 MP: 2/16
  7817 | D:7      | Reached skill level 5 in Spellcasting
  7828 | D:7      | Reached skill level 5 in Dodging
  8107 | D:7      | Reached skill level 7 in Earth Magic
  8581 | D:8      | Reached skill level 1 in Shields
  9060 | D:8      | Offered knowledge of Searing Ray by Vehumet.
  9291 | D:8      | Found a runed translucent gate.
  9291 | D:8      | Found a runed translucent gate.
  9293 | D:8      | Found a runed translucent gate.
  9293 | D:8      | Noticed GroovyGamera's ghost (novice GrFi)
  9294 | D:8      | Noticed Violenta's ghost (novice DrCj)
  9294 | D:8      | Noticed bonscott's ghost (novice OpCj)
  9294 | D:8      | Noticed Para's ghost (novice MiBe)
  9817 | D:8      | Killed bonscott's ghost
  9846 | D:8      | HP: 3/77 [Violenta's ghost/magic dart (6)]
  9847 | D:8      | Killed from afar by Violenta's ghost

Vault maps used:
D:1:      eino_arrival_cavern_c
D:2:      first_ration
D:3:      minitemple, uniq_natasha, uniq_terence, uniq_jessica
D:4:      nemelex_xobeh_ov_fountains_minmay, cheibrodos_sewer_entry_sluice,
          uniq_edmund, uniq_ijyb
D:5:      okawaru_trees_2, temple_hall, serial_shops, kennysheep_little_box
D:6:      serial_shops, nicolae_shop_trees,
          nicolae_dithmenos_through_a_glass_darkly
D:7:      serial_shops, kennysheep_mini_moat, chequers_serial_rivers_micro_a,
          grunt_ogre_cave
D:8:      gammafunk_ghost_cemetery, minmay_orc_keep
Sewer:    sewer_co_purgy_island

Skill      XL: |  1  2  3  4  5  6  7  8  9 |
---------------+----------------------------+-----
Dodging        | 2 3 4 5 |  5.7
Fighting       | 1 2 3 4 5 6 |  6.3
Earth Magic    | 4 5 6 7 |  7.6
Spellcasting   | 3 4 6 |  6.3
Conjurations   | 2 3 4 |  4.8
Evocations     | 1 3 |  3.0
Shields        | 2 |  2.4
Stealth        | |  1.7
Transmutations | |  1.0

Action                   |  1- 3 |  4- 6 |  7- 9 || total
-------------------------+-------+-------+-------++-------
Melee: Tailslap          |     1 |    11 |    51 ||    63
       Unarmed           |     1 |       |       ||     1
       Spear             |    19 |   112 |   311 ||   442
 Cast: Sandblast         |    43 |    98 |    49 ||   190
       Stone Arrow       |       |     2 |    53 ||    55
       Magic Dart        |       |       |    15 ||    15
 Abil: Breathe Steam     |       |       |    26 ||    26
  Use: Scroll            |     3 |     4 |     9 ||    16
       Potion            |       |     1 |     7 ||     8
 Stab: Sleeping          |       |     3 |     6 ||     9
  Eat: Chunk             |     3 |     8 |    21 ||    32
       Ration            |       |       |     2 ||     2
Armor: Skin              |     5 |    28 |    95 ||   128
Dodge: Dodged            |    15 |    91 |   173 ||   279
Block: Other             |       |    34 |    46 ||    80
       Shield            |       |       |    76 ||    76
       Reflection        |       |       |     5 ||     5

Table legend:
 A = Non-vault XP
 B = Vault XP
 C = Vault XP percentage of total XP
 D = Non-vault monster count
 E = Vault monster count
 F = Vault count percentage of total count
                 A         B        C        D         E       F
            +---------+---------+-------+---------+---------+-------
      Total |    3834 |    1562 |  28.9 |     152 |      25 |  14.1
            +---------+---------+-------+---------+---------+-------
        D:1 |      42 |       0 |   0.0 |      19 |       0 |   0.0
        D:2 |      74 |       0 |   0.0 |      19 |       0 |   0.0
        D:3 |     212 |     110 |  34.2 |      25 |       3 |  10.7
        D:4 |     373 |     196 |  34.4 |      14 |       4 |  22.2
        D:5 |     600 |       0 |   0.0 |      29 |       0 |   0.0
        D:6 |     784 |       0 |   0.0 |      20 |       0 |   0.0
        D:7 |     627 |     121 |  16.2 |       8 |       1 |  11.1
        D:8 |    1122 |     966 |  46.3 |      18 |      10 |  35.7
      Sewer |       0 |     169 | 100.0 |       0 |       7 | 100.0
            +---------+---------+-------+---------+---------+-------
